 Dungeon Crawl Stone Soup version 0.27-a0-1046-g98bf31544f (webtiles) character file.

Game seed: 9563107892893861475

63 funkygono the Firebug (level 4, 0/24 HPs)
             Began as a Gargoyle Fire Elementalist on Apr 20, 2021.
             Slain by a goblin
             ... wielding a +0 dagger
             ... led by Robin
              (3 damage)
             ... on level 2 of the Dungeon.
             The game lasted 00:02:45 (1373 turns).

funkygono the Firebug (Gargoyle Fire Elementalist)  Turns: 1373, Time: 00:02:46

Health: 0/24       AC:  5    Str: 18    XL:     4   Next: 10%
Magic:  3/8        EV: 12    Int: 16    God:
Gold:   10         SH:  0    Dex: 10    Spells: 4/8 levels left

rFire    . . .     SeeInvis .   c - +0 mace
rCold    . . .     Faith    .   (no shield)
rNeg     + . .     Spirit   .   a - +0 robe
rPois    ∞         Reflect  .   (no helmet)
rElec    +         Harm     .   (no cloak)
rCorr    .         Rampage  .   (no gloves)
Will     .....                  (no boots)
Stlth    ++........             (no amulet)
HPRegen  0.08/turn              e - +6 ring of strength
MPRegen  0.11/turn              (no ring)

@: very slightly contaminated, invisible
A: AC +3, negative energy resistance 1, electricity resistance, torment
resistance 1, unbreathing 1, petrification resistance
a: no special abilities


You were on level 2 of the Dungeon.
You visited 1 branch of the dungeon, and saw 2 of its levels.

You collected 10 gold pieces.

Inventory:

Hand Weapons
 b - a +0 dagger
 c - a +0 mace (weapon)
Missiles
 d - 54 stones
Armour
 a - a +0 robe (worn)
Jewellery
 e - a +6 ring of strength (left hand)
 g - an amulet of guardian spirit


   Skills:
 + Level 0.1 Fighting
 + Level 0.4 Maces & Flails
 + Level 1.7 Dodging
 - Level 2.1 Stealth
 * Level 2.8 Spellcasting
 * Level 1.6 Conjurations
 * Level 3.8 Fire Magic


You had 4 spell levels left.
You knew the following spells:

 Your Spells              Type           Power      Damage    Failure   Level
a - Foxfire               Conj/Fire      44%        2x1d6     6%          1
b - Conjure Flame         Conj/Fire      11%        6-21      19%         3

Your spell library contained the following spells:

 Spells                   Type           Power      Damage    Failure   Level
 Inner Flame              Hex/Fire       8%         N/A       26%         3
 Sticky Flame             Conj/Fire      11%        2d3       52%         4
 Fireball                 Conj/Fire      5%         3d5       86%         5


Dungeon Overview and Level Annotations

Branches:
Dungeon (2/15)

Altars:

Annotations:
D:2 Robin


Innate Abilities, Weirdness & Mutations

Your stone body is resilient. (AC +3)
You are immune to poison.
You resist negative energy. (rN+)
You are resistant to electric shocks. (rElec)
You are resistant to unholy torment.
You can survive without breathing.
You are immune to petrification.


Message History

You sock the necrophage!
The necrophage is moderately damaged.
The necrophage hits you but does no damage.
Robin throws the goblin at you! The goblin hits you with a +0 club.
The necrophage hits you.
You sock the necrophage!
The necrophage is heavily damaged.
Robin drinks a potion.
Robin seems to speed up.
The goblin hits you with a +0 club. The necrophage barely misses you.
The goblin hits you with a +0 club. Robin throws the goblin at you!
Casting: Foxfire (safe; 6% risk of failure)
Confirm with . or Enter, or press ? or * to list all spells.
You conjure some foxfire!
The goblin hits you with a +0 club. The goblin closely misses you.
The necrophage hits you.
The foxfire hits the goblin.
You kill the goblin!
The foxfire hits the goblin.
The goblin is moderately wounded.
Robin throws the goblin at you! The goblin closely misses you.
You closely miss the goblin. The goblin misses you.
The necrophage closely misses you. The goblin barely misses you. x2
The goblin hits you but does no damage. x2; The goblin hits you with a +0 club.
* * * LOW HITPOINT WARNING * * *
The goblin misses you. Robin throws the goblin at you!
The goblin hits you with a +0 club.
* * * LOW HITPOINT WARNING * * *
Robin throws the goblin at you! The goblin hits you with a +0 dagger.
* * * LOW HITPOINT WARNING * * *
Sorry, you're not good enough to have a special ability.
Okay, then.
It was a potion of invisibility.
You fade into invisibility!
The goblin barely misses you. Robin hits you but does no damage.
The goblin hits you but does no damage. The goblin closely misses you.
You are very lightly contaminated with residual magic.
The goblin no longer looks unusually strong. x2
The goblin barely misses you.
You open the door. The goblin hits you with a +0 dagger.
You die...

#...# #.#...).....# ...#
#...# ##....###g†### ...#
#...###......#....###...#
#...'.#......#..#..n....+
#...#.#.)....'..#.#g....#
#.###.#.÷....##.#.#..####
#.# #.#ngg...##.#..)g####
#########.#
#..gg######...##gn..#
.......##.###.##@#
#.........#
.......##.##.###'####
###.###..g#
...........#.........
...# #gg?#
.......#####.##......
##.## #...#
.......#<............
+..†)
.....††######..#####.
#.g)#
.......†...........+..
#....
......######..###### ..
#.... ......# #..###


You could see a necrophage, Robin (fast) and 3 goblins.

Vanquished Creatures
  An adder (D:2)
  A worm (D:2)
  A dart slug (D:2)
  A bat (D:1)
  2 endoplasms (D:1)
  3 giant cockroaches (D:2)
  11 goblins
  4 hobgoblins
  4 jackals (D:2)
  3 kobolds (D:1)
  3 quokkas (D:1)
  4 ball pythons
  A frilled lizard (D:1)
  3 rats
42 creatures vanquished.

Vanquished Creatures (others)
  105 foxfires
105 creatures vanquished.

Grand Total: 147 creatures vanquished

Notes
Turn   | Place    | Note
-------+----------+-------------------------------------------
     0 | D:1      | funkygono the Gargoyle Fire Elementalist began the quest
                  | for the Orb.
     0 | D:1      | Reached XP level 1. HP: 10/10 MP: 3/3
   134 | D:1      | Reached XP level 2. HP: 15/15 MP: 0/5
   639 | D:1      | Found a faded altar of an unknown god.
   833 | D:1      | Reached XP level 3. HP: 19/19 MP: 2/6
   903 | D:1      | Learned a level 3 spell: Conjure Flame
  1336 | D:2      | Noticed a necrophage
  1338 | D:2      | Noticed Robin
  1343 | D:2      | Reached XP level 4. HP: 22/24 MP: 2/8
  1373 | D:2      | Slain by a goblin

Illustrated notes

Levels and vault maps discovered:
D:1:      psy_arrival_fountain, layout_basic, shapermc_ecumenical_altar_venn
D:2:      layout_basic, uniq_robin, uniq_sigmund

Action                   |  1- 3 |  4- 6 || total
-------------------------+-------+-------++-------
Melee: Mace              |    16 |     8 ||    24
 Cast: Foxfire           |    58 |     3 ||    61
  Use: Scroll            |     2 |       ||     2
       Potion            |       |     1 ||     1
Armor: Robe              |    12 |    12 ||    24
Dodge: Dodged            |    25 |    11 ||    36

Table legend: (Time is in decaauts)
 A = Elapsed time spent in this place.
 B = Non-inter-level travel time spent in this place.
 C = Inter-level travel time spent in this place.
 D = Time resting spent in this place.
 E = Time spent auto-exploring this place.
 F = Levels seen in this place.
 G = Mean time per level.
                   A        B        C        D        E       F      G
               +--------+--------+--------+--------+--------+-----+--------+
         Total |   1380 |   1353 |     27 |     55 |   1040 |   2 |  690.0 |
       Dungeon |   1380 |   1353 |     27 |     55 |   1040 |   2 |  690.0 |
               +--------+--------+--------+--------+--------+-----+--------+

Top non-repeatable levels by time:
     D:1: 955 daAuts
     D:2: 425 daAuts
